 Dungeon Crawl Stone Soup version 0.16.1-18-g436b03c (webtiles) character file.

68 huddy87 the Shield-Bearer (level 4, 0/40 HPs)
             Began as a Minotaur Fighter on Apr 29, 2015.
             Slain by a goblin
             ... wielding a +0 club
              (3 damage)
             ... on level 2 of the Dungeon.
             The game lasted 00:11:43 (1246 turns).

huddy87 the Shield-Bearer (Minotaur Fighter)        Turns: 1246, Time: 00:11:44

Health: 0/40       AC:  7    Str: 22    XL:     4   Next: 1%
Magic:  2/2        EV:  8    Int:  5    God:
Gold:   75         SH:  9    Dex:  9    Spells: 0 memorised, 3 levels left

rFire  . . .     SeeInvis .     l - -3 hunting sling (curse)
rCold  . . .     Clarity  .     b - +0 scale mail
rNeg   . . .     SustAb   .     c - +0 shield
rPois  .         Gourm    .     (helmet restricted)
rElec  .         Spirit   .     (no cloak)
rCorr  .         Warding  .     (no gloves)
rMut   .         Stasis   .     (no boots)
MR     .....                    (no amulet)
Stlth  ..........               (no ring)
                                (no ring)

@: not resistant to hostile enchantments, extremely unstealthy
A: retaliatory headbutt, horns 2
a: no special abilities


You were on level 2 of the Dungeon.
You were not hungry.

You visited 1 branch of the dungeon, and saw 2 of its levels.

You collected 75 gold pieces.

Inventory:

Hand weapons
 a - a +0 long sword
 f - a +0 club
 j - a +0 club
 l - a cursed -3 hunting sling (weapon)
 n - a +0 hunting sling
 q - a +0 club
Missiles
 p - 30 stones (quivered)
Armour
 b - a +0 scale mail (worn)
 c - a +0 shield (worn)
 d - a cursed +0 plate armour
 o - a +0 buckler
Scrolls
 g - a scroll of noise {unknown}
 i - 2 scrolls of identify {unknown}
 k - a scroll of enchant weapon {unknown}
 m - a scroll of remove curse {unknown}


   Skills:
 + Level 4.0 Fighting
 + Level 2.6 Long Blades
 + Level 0.2 Slings
 + Level 4.2 Armour
 + Level 0.9 Dodging
 + Level 4.8 Shields


You had 3 spell levels left.
You didn't know any spells.

Dungeon Overview and Level Annotations

Branches:
Dungeon (2/15)

Altars:
Ashenzari


Innate Abilities, Weirdness & Mutations

You reflexively headbutt those who attack you in melee.
You have a pair of horns on your head.


Message History

You clumsily bash the gnoll but do no damage.
The gnoll is heavily wounded.
The gnoll barely misses you. You furiously retaliate!
You headbutt the gnoll!
You kill the gnoll!
You have reached level 4!
You feel stronger. You block the goblin's attack. You block the gnoll's attack.
The gnoll hits you but does no damage.
You barely miss the gnoll. Your headbutt misses the gnoll.
The gnoll is heavily wounded.
The goblin hits you but does no damage. You block the gnoll's attack.
You block the gnoll's attack. The kobold hits you but does no damage.
The gnoll hits you.
* * * LOW HITPOINT WARNING * * *
The goblin closely misses you. The gnoll hits you but does no damage.
You clumsily bash the gnoll but do no damage.
The gnoll is heavily wounded.
You block the kobold's attack. The gnoll barely misses you.
The goblin hits you with a club.
You die...

#.######.####..#.#..##.
.......................
######.
###########...####.####
.......
###########.<...##.....##
#####.#
............###.#.......#
#######..#### #.#.......#
##.# #....._.... #'#
#.#.......# #@#
##.#.......#


#ggK# ##..##.....## #..(g.##...####.#### ....♣...#............ ####.
.#####.######.## ########## #. .# #)######... .........# #. .# #........##
########.# ####. .# ########.# #.###.##. . #.# You could see 2 gnolls, a goblin
and a kobold.

Vanquished Creatures
  2 adders (D:2)
  A gnoll (D:2)
  2 worms (D:2)
  2 giant geckos
  A ball python (D:1)
  4 hobgoblins (D:1)
  2 jackals (D:1)
  3 kobolds (D:1)
  2 bats (D:2)
  2 giant cockroaches
  2 giant newts
  6 goblins
  2 rats (D:1)
31 creatures vanquished.

Notes
Turn   | Place    | Note
--------------------------------------------------------------
     0 | D:1      | huddy87, the Minotaur Fighter, began the quest for the Orb.
     0 | D:1      | Reached XP level 1. HP: 19/19 MP: 1/1
   239 | D:1      | Reached XP level 2. HP: 27/27 MP: 1/1
   533 | D:1      | Reached skill level 4 in Armour
   996 | D:2      | Reached XP level 3. HP: 3/33 MP: 2/2
  1007 | D:2      | HP: 1/33 [poisoned by an adder]
  1073 | D:2      | Found a shattered altar of Ashenzari.
  1244 | D:2      | Reached XP level 4. HP: 4/40 MP: 2/2
  1245 | D:2      | HP: 2/40 [gnoll (2)]
  1246 | D:2      | Slain by a goblin

Action                   |  1- 3 |  4- 6 || total
-------------------------+-------+-------++-------
Melee: Long sword        |    36 |       ||    36
       Hunting sling     |   130 |     2 ||   132
 Fire: Hunting sling     |     4 |       ||     4
  Use: Potion            |     3 |       ||     3
  Eat: Bread ration      |     1 |       ||     1
